AoeStats
← andonihc9

Arabia

509974558Analyzed
1v1 RM · 3d ago on Sep 28, 2026· 67m 59s· 2 players
Game mode
Random Map
Map size
Tiny (2 player)
Population
200
Speed
Normal
Resources
Standard
Victory
Conquest
Starting age
Dark Age
Ending age
Imperial Age
RankedLock teamsTeams togetherTeam positionsShared explorationLock speedFull tech treeHidden civsTurbo modeCheats
Victory
Defeat
🇲🇽 Byzantines · Mexico
811
+36
🇨🇱 Britons · Chile
844
-18
andonihc9
9:43 Loom
12:06 Feudal Age
13:22 Double-Bit Axe
21:11 Arson
20:47 Man-at-Arms
27:05 Fletching
27:26 Forging
30:59 Castle Age
29:38 Scale Mail Armor
29:39 Padded Archer Armor
31:29 Crossbowman
32:14 Thumb Ring
32:09 Bodkin Arrow
32:26 Long Swordsman
32:52 Gambesons
33:47 Iron Casting
45:26 Imperial Age
44:28 Bow Saw
44:37 Chain Mail Armor
44:35 Husbandry
44:39 Gold Mining
48:05 Elite Skirmisher
48:52 Thumb Ring
49:36 Bracer
51:29 Chemistry
50:50 Ballistics
53:20 Wheelbarrow
53:13 Pikeman
53:53 Squires
54:28 Capped Ram
54:51 Elite Cataphract
56:27 Murder Holes
56:49 Hand Cart
58:29 Halberdier
63:02 Plate Mail Armor
62:37 Scale Barding Armor
62:48 Leather Archer Armor
66:52 Chain Barding Armor
67:03 Ring Archer Armor
bauzapo
2:01 Loom
11:26 Feudal Age
12:17 Man-at-Arms
14:29 Double-Bit Axe
23:19 Castle Age
24:30 Crossbowman
25:47 Elite Skirmisher
32:07 Imperial Age
40:25 Long Swordsman
46:08 Wheelbarrow
49:23 Bow Saw
50:20 Chemistry
52:25 Ballistics
52:08 Fletching
52:18 Padded Archer Armor
52:51 Conscription
53:15 Bodkin Arrow
53:52 Leather Archer Armor
54:03 Leather Archer Armor
54:48 Cavalier
56:06 Ring Archer Armor
58:37 Scale Barding Armor
58:46 Forging
58:28 Light Cavalry
60:29 Chain Barding Armor
63:20 Plate Barding Armor
66:13 Gold Mining
66:43 Hand Cart
Connection lost

Rejoining the realm…

Still unreachable

The connection could not be restored.

Session expired

The server has moved on; the page needs a fresh start.